 Dungeon Crawl Stone Soup version 0.23.2 (webtiles) character file.

Game seed: 16950177083793009278

548 Lusmu the Skirmisher (level 7, 0/44 HPs)
             Began as a Tengu Fighter on Apr 4, 2019.
             Slain by an orc wizard
             ... wielding a +0 mace
              (3 damage)
             ... on level 4 of the Dungeon.
             The game lasted 00:08:50 (4069 turns).

Lusmu the Skirmisher (Tengu Fighter)                Turns: 4069, Time: 00:08:51

Health: 0/44       AC: 10    Str: 17    XL:     7   Next: 28%
Magic:  8/8        EV:  7    Int:  9    God:
Gold:   77         SH:  9    Dex: 14    Spells: 6/6 levels left

rFire    . . .     SeeInvis .   a - +0 long sword
rCold    . . .     Gourm    .   c - +0 shield
rNeg     . . .     Faith    .   b - +0 scale mail
rPois    .         Spirit   .   (helmet restricted)
rElec    .         Reflect  .   s - +2 cloak
rCorr    .         Harm     .   (no gloves)
MR       .....                  (boots unavailable)
Stlth    +.........             (no amulet)
HPRegen  0.14/turn              (no ring)
MPRegen  0.11/turn              (no ring)

@: lethally poisoned (0 -> -5), hasted, very quick
A: beak, talons 3, able to fly
a: Fly


You were on level 4 of the Dungeon.
You were not hungry.

You visited 1 branch of the dungeon, and saw 4 of its levels.

You collected 77 gold pieces.

Inventory:

Hand Weapons
 a - a +0 long sword (weapon)
 o - a +0 blowgun
Missiles
 p - 19 poisoned needles
 q - 9 tomahawks (quivered)
Armour
 b - a +0 scale mail (worn)
 c - a +0 shield (worn)
 s - a +2 cloak (worn)
Jewellery
 d - an uncursed amulet of guardian spirit
Wands
 k - a wand of random effects (14)
Scrolls
 e - 6 scrolls of remove curse
 h - 2 scrolls of amnesia
 i - a scroll of immolation
 r - a scroll of teleportation {unknown}
Potions
 g - 2 potions of brilliance {unknown}
 j - a potion of magic
 m - 2 potions of curing {unknown}
 n - a potion of heal wounds {unknown}
Comestibles
 f - 9 rations
 t - 4 chunks of flesh


   Skills:
 + Level 4.7 Fighting
 + Level 4.6 Long Blades
 - Level 3.2 Armour
 + Level 3.8 Stealth
 + Level 4.7 Shields


You had 6 spell levels left.
You didn't know any spells.
Your spell library was empty.

Dungeon Overview and Level Annotations

Branches:
Dungeon (4/15)
 Temple: D:4-7

Altars:
Dithmenos


Innate Abilities, Weirdness & Mutations

You have a beak for a mouth.
You have claws for feet.
You can fly continuously.


Message History

You block the leopard gecko skeleton's attack.
You feel yourself speed up.
The orc wizard mumbles some strange words.
The orc wizard flickers and vanishes!
Deactivating autopickup; reactivate with Ctrl-A.
The leopard gecko skeleton bites you but does no damage.
You hit the leopard gecko skeleton. You claw the leopard gecko skeleton.
You destroy the leopard gecko skeleton!
You feel sick.
You feel sick. Something hits you.
* * * LOW HITPOINT WARNING * * *
There is an open door, spattered with blood here.
You barely miss something. Something hits you but does no damage.
You hit something. Your kick misses something. You peck something.
* * * LOW HITPOINT WARNING * * *
You feel sick. Something hits you but does no damage.
You slash something! Something hits you.
* * * LOW HITPOINT WARNING * * *
You miss something. Something hits you.
You die...

+...+ #...# #...#
#...# ##### #...#
##...###...# .
##.....##...# ...
#.......#...#.....
#.....†.@{..'....$
#####
#.....).#...#.....
#....
##.....##÷..# ...
#.### ##...###...#
. #.# ##### #...#
##### #.#
#...###...###.#
#...##.....##.#
#...#.......#.#
+...'.)..(..#.#


There were no monsters in sight!

Vanquished Creatures
  Blork the orc (D:4)
  A scorpion (D:4)
  A howler monkey (D:4)
  4 orc priests
  An orc wizard (D:3)
  Natasha (thrice) (D:2)
  An iguana (D:4)
  A worker ant (D:4)
  A hound skeleton (D:4)
  3 adders
  2 dart slugs (D:1)
  3 leopard geckos
  15 orcs
  4 giant cockroaches
  2 goblins (D:2)
  9 hobgoblins
  2 jackals (D:4)
  5 kobolds
  A quokka (D:3)
  6 bats
  4 frilled lizards
  2 leopard gecko skeletons (D:4)
  5 rats
77 creatures vanquished.

Notes
Turn   | Place    | Note
-------+----------+-------------------------------------------
     0 | D:1      | Lusmu the Tengu Fighter began the quest for the Orb.
     0 | D:1      | Reached XP level 1. HP: 14/14 MP: 2/2
   161 | D:1      | Reached XP level 2. HP: 19/19 MP: 3/3
   610 | D:1      | Reached skill level 1 in Stealth
   822 | D:2      | Found a shadowy altar of Dithmenos.
  1057 | D:2      | Reached XP level 3. HP: 23/23 MP: 4/4
  1336 | D:2      | Noticed Natasha
  1342 | D:2      | Killed Natasha
  1350 | D:2      | Noticed Natasha
  1356 | D:2      | Killed Natasha
  1356 | D:2      | Reached XP level 4. HP: 21/28 MP: 5/5
  1939 | D:3      | Gained mutation: You can fly continuously. [Tengu growth]
  1939 | D:3      | Reached XP level 5. HP: 18/33 MP: 6/6
  2439 | D:3      | Reached XP level 6. HP: 9/38 MP: 7/7
  2469 | D:2      | Noticed Natasha
  2701 | D:2      | Killed Natasha
  4021 | D:4      | Noticed Blork the orc
  4025 | D:4      | Reached XP level 7. HP: 41/44 MP: 8/8
  4031 | D:4      | Killed Blork the orc
  4068 | D:4      | HP: 2/44 [something (2)]
  4069 | D:4      | Slain by an orc wizard

Skill      XL: |  1  2  3  4  5  6 |
---------------+-------------------+-----
Stealth        | 1 2 3 |  3.8
Long Blades    | 3 4 |  4.6
Fighting       | 4 |  4.7
Shields        | 4 |  4.7
Armour         | |  3.2

Action                   |  1- 3 |  4- 6 |  7- 9 || total
-------------------------+-------+-------+-------++-------
Melee: Long sword        |    46 |   122 |    19 ||   187
       Kick              |    12 |    43 |     8 ||    63
       Peck              |     7 |    33 |     3 ||    43
  Use: Scroll            |     4 |     3 |     1 ||     8
       Potion            |       |     1 |     1 ||     2
  Eat: Chunk             |     1 |     9 |       ||    10
Armor: Scale mail        |    25 |    37 |     8 ||    70
Dodge: Dodged            |    15 |    35 |     1 ||    51
Block: Shield            |    24 |    60 |     4 ||    88
       Rpst.: Long sword |     6 |    19 |       ||    25
